 Dungeon Crawl Stone Soup version 0.23.2-1-ga50397a6bc (webtiles) character file.

Game seed: 12078769873943246411

69877 Gumption the Covert (level 14, -4/68 HPs)
             Began as a Spriggan Enchanter on May 28, 2019.
             Was an Initiate of Gozag.
             Shot with an arrow by a centaur warrior (6 damage)
             ... on level 15 of the Dungeon on May 29, 2019.
             The game lasted 04:49:25 (34677 turns).

Gumption the Covert (Spriggan Enchanter)           Turns: 34677, Time: 04:49:25

Health: -4/68      AC: 11    Str:  4    XL:     14   Next: 92%
Magic:  29/29      EV: 28    Int: 18    God:    Gozag
Gold:   5054       SH:  8    Dex: 17    Spells: 9/34 levels left

rFire    + + +     SeeInvis +   a - +5 dagger (venom)
rCold    + . .     Gourm    .   s - +1 buckler {rC+}
rNeg     . . .     Faith    .   l - +0 robe
rPois    +         Spirit   .   o - +2 hat
rElec    .         Reflect  .   u - +2 cloak {rPois}
rCorr    .         Harm     .   (gloves unavailable)
MR       +++..                  (boots unavailable)
Stlth    ++++++....             v - amulet "Damiocheoj" {RegenMP Fragile rF+++ Int-3 SInv}
HPRegen  0.21/turn              W - ring of protection from magic
MPRegen  0.46/turn              O - +4 ring of protection

@: very quick
A: very small, unfitting armour, see invisible, herbivore, speed 3, slow
metabolism 2
a: Potion Petition, Call Merchant, Bribe Branch, Renounce Religion


You were on level 15 of the Dungeon.
You worshipped Gozag.
Gozag was greatly pleased with you.
You were hungry.

You visited 3 branches of the dungeon, and saw 22 of its levels.
You also visited: Sewer, Bailey, Gauntlet and Ice Cave.

You collected 7018 gold pieces.
You spent 1891 gold pieces at shops.
You paid 73 gold pieces to Gozag.

Inventory:

Hand Weapons
 a - a +5 dagger of venom (weapon)
Missiles
 H - 23 tomahawks of returning (quivered)
Armour
 l - a +0 robe (worn)
 o - a +2 hat (worn)
 s - a +1 buckler of cold resistance (worn)
 u - a +2 cloak of poison resistance (worn)
Magical Staves
 w - an uncursed staff of cold
Jewellery
 c - the ring "Pyli" {rPois Int+6 Dex-2}
   (You found it on level 15 of the Dungeon)

   [ring of poison resistance]

   It affects your intelligence (+6).
   It affects your dexterity (-2).
   It protects you from poison.
 d - the amulet of Wusighah {rC- rN++ Regen+ Dex+7}
   (You found it in a Gauntlet)

   [amulet of regeneration]

   It affects your dexterity (+7).
   It makes you vulnerable to cold.
   It greatly protects you from negative energy.
   It increases your rate of regeneration.
 t - an uncursed ring of stealth
 v - the amulet "Damiocheoj" (around neck) {RegenMP Fragile rF+++ Int-3 SInv}
   (You found it on level 5 of the Dungeon)

   [amulet of magic regeneration]

   It increases your magic regeneration.
   It affects your intelligence (-3).
   It renders you almost immune to fire.
   It lets you see invisible.
   It will be destroyed if unequipped.
 I - an uncursed ring of wizardry {unknown}
 O - a +4 ring of protection (right hand)
 R - an uncursed ring of ice
 W - a ring of protection from magic (left hand)
Wands
 m - a wand of flame (40)
 C - a wand of random effects (9)
 L - a wand of polymorph (10)
 M - a wand of scattershot (4)
 N - a wand of disintegration (23)
 T - a wand of acid (10)
 X - a wand of enslavement (16)
Scrolls
 b - 2 scrolls of identify
 f - 5 scrolls of remove curse
 g - 3 scrolls of magic mapping
 h - 9 scrolls of enchant armour
 p - a scroll of vulnerability
 r - a scroll of immolation
 y - a scroll of summoning
 z - 5 scrolls of fear
 A - 5 scrolls of teleportation
 F - 3 scrolls of fog
 Y - a scroll of silence
Potions
 i - 11 potions of curing
 j - 7 potions of might
 k - 2 potions of ambrosia
 n - 3 potions of berserk rage
 q - 3 potions of lignification
 x - 4 potions of brilliance
 B - a potion of cancellation
 E - 3 potions of mutation
 G - 7 potions of flight
 K - a potion of magic
 P - 3 potions of haste
 Q - 2 potions of agility
 S - 4 potions of invisibility
 U - 7 potions of heal wounds
Miscellaneous
 D - 2 boxes of beasts
 J - a phial of floods
 V - 2 phantom mirrors
 Z - a sack of spiders
Comestibles
 e - 26 rations


   Skills:
 + Level 5.1 Fighting
 - Level 10.0 Short Blades
 + Level 12.3 Dodging
 + Level 13.6 Stealth
 * Level 2.9 Shields
 + Level 10.5 Spellcasting
 + Level 2.7 Conjurations
 + Level 12.7 Hexes
 - Level 6.0 Summonings
 - Level 8.1 Ice Magic
 * Level 6.8 Air Magic
 + Level 3.3 Poison Magic
 + Level 8.0 Evocations


You had 9 spell levels left.
You knew the following spells:

 Your Spells              Type           Power        Failure   Level  Hunger
a - Ensorcelled Hibernat  Hex/Ice        #####.       1%          2    None
b - Poisonous Vapours     Pois/Air       ####..       1%          2    None
c - Confuse               Hex            ######..     1%          3    None
d - Tukima's Dance        Hex            ######..     1%          3    None
e - Summon Ice Beast      Ice/Summ       ####....     5%          4    ###....
f - Airstrike             Air            ####......   6%          4    ###....
g - Summon Lightning Spi  Summ/Air       ####....     8%          4    ###....
h - Mephitic Cloud        Conj/Pois/Air  ####....     5%          3    None

Your spell library contained the following spells:

 Spells                   Type           Power        Failure   Level  Hunger
 Corona                   Hex            ######.      1%          1    None
 Freeze                   Ice            ####         1%          1    None
 Shock                    Conj/Air       ####         1%          1    None
 Summon Small Mammal      Summ           ####         1%          1    None
 Call Imp                 Summ           ####....     1%          2    None
 Throw Frost              Conj/Ice       ####..       1%          2    None
 Dazzling Spray           Conj/Hex       #####.       1%          3    None
 Summon Guardian Golem    Hex/Summ       #####...     1%          3    None
 Call Canine Familiar     Summ           ####....     2%          3    None
 Swiftness                Chrm/Air       ###.....     3%          2    None
 Static Discharge         Conj/Air       ####....     4%          3    None
 Ozocubu's Armour         Chrm/Ice       ###.....     6%          3    None
 Throw Icicle             Conj/Ice       ####....     11%         4    ###....
 Conjure Flame            Conj/Fire      ##......     17%         3    None
 Lightning Bolt           Conj/Air       ####......   36%         5    #####..
 Venom Bolt               Conj/Pois      ###.......   63%         5    #####..
 Freezing Cloud           Conj/Ice/Air   ####......   80%         6    ######.
 Iskenderun's Battlesphe  Conj/Chrm      ##......     85%         5    #####..
 Bolt of Magma            Conj/Fire/Erth ##........   89%         5    #####..
 Iron Shot                Conj/Erth      ##........   100%        6    ######.
 Orb of Destruction       Conj           ###.......   100%        7    #######
 Ring of Flames           Chrm/Fire      #.........   100%        7    #######
 Spellforged Servitor     Conj/Summ      ####......   100%        7    #######


Dungeon Overview and Level Annotations

Branches:
Dungeon (15/15)            Temple (1/1) D:5            Lair (6/6) D:9
  Swamp (0/4) Lair:4       Spider (0/4) Lair:3        Slime (0/5) Lair:6
    Orc (0/2) D:9          Vaults (0/5) D:14
 Depths: D:15

Altars:
Ashenzari
Cheibriados
Dithmenos
Elyvilon
Fedhas
Gozag
Hepliaklqana
Kikubaaqudgha
Makhleb
Nemelex Xobeh
Okawaru
Qazlal
Ru
Sif Muna
Trog
Uskayaw
Vehumet
Wu Jian
Xom
Yredelemnul
Zin
The Shining One

Shops:
D:5 (:*(*   D:13 :   D:14 !   D:15 %

Annotations:
D:2 Sigmund
D:5 2 transporters, OneEyedShark's ghost, amateur MiBe
Lair:4 3 runed translucent doors, foxfromabyss's ghost, journeyman DsIE
Lair:5 exclusion: 2 oklob plants


Innate Abilities, Weirdness & Mutations

You are very small and have problems with some larger weapons.
You are too small for most types of armour.
You have supernaturally acute eyesight. (SInv)
You are a herbivore.
You cover ground extremely quickly.
You need to consume almost no food.


Message History

The great orb of eyes is heavily wounded.
The great orb of eyes bites you but does no damage.
The centaur warrior shoots an arrow.
You block the arrow.
You see here an arrow.
The centaur warrior unwields a +0 shortbow.
The centaur warrior misses you.
There is an open door here.
You block the centaur warrior's attack.
The centaur warrior completely misses you.
You block the centaur warrior's attack.
The centaur warrior wields a +0 shortbow.
The centaur warrior shoots an arrow.
The arrow closely misses you.
The centaur warrior shoots an arrow.
The arrow hits you!
* * * LOW HITPOINT WARNING * * *
You see here an arrow.
The centaur warrior shoots an arrow.
The arrow completely misses you.
There is an open door here.
The centaur warrior shoots an arrow.
The arrow hits you.
You die...
Your body crumbles into a pile of gold.

###.....#. #.........
#### ##.≈≈≈.....
##..## ##..≈≈≈.#...
##<...###...≈≈.#....
#[.<...##.....#^....
#..[##'#.....#.....#
##.(#..............+
##@'.(.(.#.....#'##
###....#.....##..#
##......(....'.(.#
#............#....
####......#cG...#....
##(.#....#.#....######
#...'..#.#.....##..##
#(..#..#.......'(..)#
#∩.)#........#.#...⌠#


You could see a centaur warrior.

Vanquished Creatures
  Kirke (D:13)
  Nessos (Lair:6)
  Azrael (D:13)
  A minotaur (Gauntlet)
  7 hydras
  2 vault guards
  2 centaur warriors (D:14)
  6 two-headed ogres
  A deep troll shaman (D:15)
  2 death yaks (Lair:3)
  A tengu warrior (D:15)
  2 unseen horrors
  A phantasmal warrior (D:14)
  Pikel (D:7)
  3 orc knights
  A lindwurm (D:14)
  5 ugly things
  A deep elf mage (D:15)
  A manticore (Lair:4)
  A cyclops (D:15)
  A moth of wrath (Gauntlet)
  Joseph (D:8)
  6 black mambas
  4 elephants (Lair:6)
  A guardian serpent (shapeshifter) (D:15)
  2 ice statues (IceCv)
  An eye of devastation (Lair:6)
  12 spiny frogs
  A gargoyle (D:11)
  5 rime drakes
  An efreet (D:13)
  5 komodo dragons
  8 ice devils (IceCv)
  6 trolls
  A wind drake (shapeshifter) (D:14)
  A hornet (D:9)
  7 blink frogs
  5 slime creatures (D:14)
  18 hippogriffs
  7 shadows
  9 wyverns (Lair:4)
  2 fire elementals (D:13)
  Eustachio (D:4)
  3 basilisks
  42 yaks
  3 hogs (D:13)
  2 hungry ghosts
  6 vampire mosquitoes
  3 swamp worms (Gauntlet)
  3 hell hounds (D:13)
  An acid dragon (D:12)
  14 water moccasins
  10 porcupines
  A floating eye (D:15)
  11 orc warriors
  A black bear (shapeshifter) (D:14)
  2 sky beasts
  3 ice beasts
  A black bear (D:9)
  2 eyes of draining
  7 phantoms
  A necrophage (D:10)
  3 wolves (Gauntlet)
  5 ogres
  10 centaurs
  17 crocodiles
  4 big kobolds (Sewer)
  17 bullfrogs
  2 scorpions (D:4)
  14 killer bees
  4 howler monkeys
  6 wights
  2 centaur zombies (D:10)
  8 crimson imps
  2 bullfrog zombies
  5 jellies
  11 hounds
  5 orc priests
  Crazy Yiuf (D:7)
  A centaur skeleton (D:5)
  12 orc wizards
  2 bullfrog skeletons
  2 iguanas
  11 worker ants
  3 hound skeletons
  18 adders
  A gnoll (Bailey)
  2 river rats (Sewer)
  2 shadow imps
  20 white imps
  3 ufetubi (IceCv)
  7 oozes
  An adder zombie (D:8)
  3 worms
  7 dart slugs
  2 leopard geckos (D:1)
  45 orcs
  5 bats
  5 giant cockroaches
  5 goblins
  7 hobgoblins
  14 jackals
  5 quokkas
  3 ball pythons
  7 frilled lizards
  35 kobolds
  A leopard gecko skeleton (D:6)
  A leopard gecko zombie (D:7)
  2 quokka skeletons
  7 rats
  2 plants (Lair:6)
619 creatures vanquished.

Vanquished Creatures (collateral kills)
  A vault guard (D:14)
  A hydra (D:13)
  3 death yaks (Lair:3)
  3 yaks
  A bullfrog (Lair:3)
  3 wights
  An orc priest (D:11)
  8 orcs
  2 hobgoblins (Bailey)
  A kobold (Bailey)
  A fungus (Lair:3)
25 creatures vanquished.

Vanquished Creatures (others)
  A reaper (IceCv)
  7 dancing weapons
  2 white imps (IceCv)
  9 ufetubi (IceCv)
  A bush (Lair:3)
  A butterfly (Lair:6)
  4 fungi
25 creatures vanquished.

Grand Total: 669 creatures vanquished

Notes
Turn   | Place    | Note
-------+----------+-------------------------------------------
     0 | D:1      | Gumption the Spriggan Enchanter began the quest for the
                  | Orb.
     0 | D:1      | Reached XP level 1. HP: 9/9 MP: 5/5
  1028 | D:1      | Reached XP level 2. HP: 12/13 MP: 4/6
  1034 | D:1      | Learned a level 2 spell: Ensorcelled Hibernation
  2480 | D:1      | Reached XP level 3. HP: 16/16 MP: 8/8
  2569 | D:1      | Learned a level 3 spell: Confuse
  2978 | D:2      | Noticed Sigmund
  3934 | D:2      | Reached skill level 1 in Ice Magic
  4163 | D:2      | Reached XP level 4. HP: 15/21 MP: 9/9
  4512 | D:2      | Reached skill level 5 in Stealth
  4972 | D:3      | Found a glowing golden altar of the Shining One.
  5145 | D:3      | Found a bloodstained altar of Trog.
  5642 | D:4      | Noticed Eustachio
  5653 | D:3      | Learned a level 3 spell: Tukima's Dance
  5868 | D:4      | Noticed an ogre
  6114 | D:4      | Killed an ogre
  6114 | D:4      | Reached skill level 5 in Hexes
  6114 | D:4      | Reached XP level 5. HP: 24/24 MP: 5/11
  6502 | D:4      | Reached XP level 6. HP: 28/28 MP: 7/12
  6686 | D:4      | Killed Eustachio
  6834 | D:4      | Reached skill level 6 in Stealth
  7055 | D:4      | Reached XP level 7. HP: 32/32 MP: 12/14
  7377 | D:5      | Entered Level 5 of the Dungeon
  7377 | D:5      | Found a shattered altar of Ashenzari.
  7402 | D:4      | Reached skill level 5 in Dodging
  7492 | D:5      | Found Gommaaga's Weapon Boutique.
  7516 | D:5      | Found Zomeept's Assorted Antiques.
  7540 | D:5      | Found Putag's Book Shoppe.
  7555 | D:5      | Found a staircase to the Ecumenical Temple.
  7565 | Temple   | Entered the Ecumenical Temple
  7791 | Temple   | Became a worshipper of Gozag Ym Sagoz the Greedy
  7880 | D:5      | Found a transporter.
  7881 | D:5      | Got a wavering golden amulet
  7920 | D:5      | Found Esioschoa's Assorted Antiques.
  7928 | D:5      | Bought an emerald potion for 22 gold pieces
  7928 | D:5      | Bought a murky yellow potion for 22 gold pieces
  7935 | D:5      | Found a transporter.
  7935 | D:5      | Noticed OneEyedShark's ghost (amateur MiBe)
  7938 | D:5      | Identified the amulet "Damiocheoj" {RegenMP Fragile rF+++
                  | Int-3 SInv} (You found it on level 5 of the Dungeon)
  8000 | D:5      | Found Heruesm's Antique Weapon Boutique.
  8098 | D:5      | Reached XP level 8. HP: 35/36 MP: 12/15
  8255 | D:5      | Reached skill level 7 in Stealth
  8612 | D:5      | Reached skill level 1 in Fighting
  8824 | D:6      | Reached skill level 5 in Spellcasting
  9435 | D:6      | Reached skill level 5 in Short Blades
  9435 | D:6      | Reached XP level 9. HP: 41/42 MP: 10/18
  9457 | D:6      | Found a glowing drain.
  9483 | Sewer    | Entered a sewer
  9964 | Sewer    | Reached skill level 8 in Stealth
 10744 | D:7      | Noticed Pikel
 10867 | D:7      | Killed Pikel
 10968 | D:7      | Found a hazy altar of Hepliaklqana.
 11028 | D:7      | Reached skill level 5 in Ice Magic
 11370 | D:7      | Found a runed translucent door.
 11371 | D:7      | Noticed Crazy Yiuf
 11707 | D:7      | Killed Crazy Yiuf
 11896 | D:5      | Bought a +5 dagger of venom for 382 gold pieces
 12086 | D:8      | Noticed Joseph
 12134 | D:8      | Noticed a two-headed ogre
 12167 | D:8      | Killed a two-headed ogre
 12167 | D:8      | Reached XP level 10. HP: 47/47 MP: 20/20
 12219 | D:8      | Killed Joseph
 12219 | D:8      | Reached skill level 9 in Stealth
 12298 | D:8      | Noticed a two-headed ogre
 12304 | D:8      | Killed a two-headed ogre
 12393 | D:8      | Found a shimmering altar of Xom.
 12575 | D:9      | Noticed a death yak
 12576 | D:9      | Noticed a death yak
 12576 | D:9      | Noticed a death yak
 12579 | D:9      | Noticed a death yak
 12582 | D:9      | Noticed a death yak
 12589 | D:9      | Noticed a death yak
 12845 | D:9      | Found a staircase to the Lair.
 12856 | D:9      | Found a flagged portal.
 12866 | Bailey   | Entered a bailey
 12886 | Bailey   | Noticed an orc knight
 12973 | Bailey   | Noticed an orc knight
 13065 | Bailey   | Killed an orc knight
 13509 | Bailey   | Killed an orc knight
 14052 | D:9      | Reached skill level 10 in Hexes
 14175 | D:9      | Found a staircase to the Orcish Mines.
 14487 | D:9      | Noticed a seven-headed hydra
 14598 | D:9      | Reached XP level 11. HP: 52/52 MP: 19/22
 14767 | D:9      | Noticed a white ugly thing
 14770 | D:9      | Noticed a two-headed ogre
 14770 | D:9      | Noticed a red ugly thing
 14784 | D:9      | Killed a white ugly thing
 14784 | D:9      | Reached skill level 10 in Stealth
 14790 | D:9      | Killed a red ugly thing
 14799 | D:9      | Killed a two-headed ogre
 14801 | D:9      | Killed a seven-headed hydra
 15046 | D:10     | Entered Level 10 of the Dungeon
 16339 | D:5      | Bought a book of Air for 490 gold pieces
 16339 | D:5      | Bought a book of Callings for 420 gold pieces
 16339 | D:5      | Bought a book of Frost for 490 gold pieces
 16344 | D:5      | Learned a level 4 spell: Summon Ice Beast
 16349 | D:5      | Learned a level 4 spell: Airstrike
 16354 | D:5      | Learned a level 4 spell: Summon Lightning Spire
 16815 | D:11     | Reached skill level 1 in Evocations
 16846 | D:11     | Found a gate leading to a gauntlet.
 16860 | Gauntlet | Entered a Gauntlet
 16860 | Gauntlet | Found a transporter.
 16860 | Gauntlet | Found a transporter.
 16870 | Gauntlet | Found a transporter.
 16874 | Gauntlet | Found a transporter.
 16881 | Gauntlet | Noticed a soul eater
 16882 | Gauntlet | Found a transporter.
 16886 | Gauntlet | Found a transporter.
 16888 | Gauntlet | Noticed a glowing orange brain
 16888 | Gauntlet | Noticed a glowing orange brain
 16898 | Gauntlet | Found a transporter.
 16904 | Gauntlet | Found a runed translucent door.
 16904 | Gauntlet | Noticed a cyan ugly thing
 16911 | Gauntlet | Found a transporter.
 16926 | Gauntlet | Found a transporter.
 16930 | Gauntlet | Found a transporter.
 16939 | Gauntlet | Found a transporter.
 16942 | Gauntlet | Found a transporter.
 17088 | Gauntlet | Got a slimy iron amulet
 17106 | Gauntlet | Reached skill level 1 in Summonings
 17284 | Gauntlet | Reached skill level 1 in Air Magic
 17295 | Gauntlet | Got a sparkling platinum ring
 17296 | Gauntlet | Identified the amulet of Wusighah {rC- rN++ Regen+ Dex+7}
                  | (You found it in a Gauntlet)
 17297 | Gauntlet | Identified the ring of the Moon {Fire Str+5 Int-2 Dex+4}
                  | (You found it in a Gauntlet)
 17507 | Gauntlet | Noticed a minotaur
 18150 | Gauntlet | Killed a minotaur
 18564 | D:11     | Reached XP level 12. HP: 58/58 MP: 15/25
 18579 | D:11     | Reached skill level 11 in Stealth
 19134 | Lair:1   | Entered Level 1 of the Lair of Beasts
 19299 | D:9      | Found a snail-covered altar of Cheibriados.
 20136 | Lair:1   | Reached skill level 10 in Dodging
 20274 | Lair:2   | You fall through a shaft!
 20314 | Lair:3   | Noticed a five-headed hydra
 20410 | Lair:2   | Noticed a five-headed hydra
 20417 | Lair:2   | Killed a five-headed hydra
 21199 | Lair:3   | Killed a five-headed hydra
 21416 | Lair:3   | Found a hole to the Spider Nest.
 21445 | Lair:3   | Noticed a death yak
 21448 | Lair:3   | Noticed a death yak
 21449 | Lair:3   | Noticed a death yak
 21483 | Lair:3   | Noticed a death yak
 21488 | Lair:3   | Noticed a death yak
 21618 | Lair:3   | Killed a death yak
 21887 | Lair:3   | Killed a death yak
 21887 | Lair:3   | Reached skill level 5 in Evocations
 21985 | Lair:3   | Killed a death yak
 22005 | Lair:3   | Killed a death yak
 22038 | Lair:3   | Killed a death yak
 22038 | Lair:3   | Reached skill level 12 in Stealth
 22285 | Lair:3   | Reached XP level 13. HP: 61/61 MP: 23/27
 22903 | Lair:4   | Found a staircase to the Swamp.
 23174 | Lair:4   | Reached skill level 5 in Summonings
 23226 | Lair:4   | Reached skill level 10 in Short Blades
 23373 | Lair:4   | Found a runed translucent gate.
 23373 | Lair:4   | Found a runed translucent gate.
 23374 | Lair:4   | Found a runed translucent gate.
 23787 | Lair:4   | Found a snail-covered altar of Cheibriados.
 23979 | Lair:4   | Noticed foxfromabyss's ghost (journeyman DsIE)
 24547 | Lair:5   | Learned a level 2 spell: Poisonous Vapours
 24551 | Lair:5   | Learned a level 3 spell: Mephitic Cloud
 25087 | Lair:6   | Entered Level 6 of the Lair of Beasts
 25214 | Lair:6   | Found a staircase to the Slime Pits.
 25276 | Lair:6   | Reached skill level 5 in Air Magic
 25276 | Lair:6   | Reached skill level 1 in Poison Magic
 25630 | Lair:6   | Noticed Nessos
 25650 | Lair:6   | Killed Nessos
 25650 | Lair:6   | Reached skill level 1 in Conjurations
 26015 | Lair:6   | Reached XP level 14. HP: 66/66 MP: 22/28
 26247 | Lair:6   | Reached skill level 13 in Stealth
 27068 | D:12     | Reached skill level 10 in Spellcasting
 27201 | D:12     | Found a frozen archway.
 27215 | IceCv    | Entered an ice cave
 28706 | IceCv    | Killed a reaper
 30297 | D:13     | Noticed Kirke
 30314 | D:13     | Reached skill level 1 in Shields
 30577 | D:13     | Noticed Azrael
 30612 | D:13     | Killed Azrael
 31092 | D:13     | Found Xiecerus's Book Shoppe.
 32031 | D:13     | Noticed a sphinx
 32044 | D:13     | Killed Kirke
 32573 | D:14     | Found Dijuatos's Distillery.
 32583 | D:14     | Bought a potion of heal wounds for 65 gold pieces
 33736 | D:14     | Found a gate to the Vaults.
 33804 | D:15     | Entered Level 15 of the Dungeon
 33816 | D:14     | Reached skill level 5 in Fighting
 33855 | D:15     | Found Guntir's Food Emporium.
 34426 | D:15     | Got a smoking marble ring
 34427 | D:15     | Identified the ring "Pyli" {rPois Int+6 Dex-2} (You found
                  | it on level 15 of the Dungeon)
 34674 | D:15     | HP: 2/68 [centaur warrior/arrow (17)]
 34677 | D:15     | Shot with an arrow by a centaur warrior

Skill      XL: |  1  2  3  4  5  6  7  8  9 10 11 12 13 14 |
---------------+-------------------------------------------+-----
Hexes          | 4 5 6 7 9 10 11 12 | 12.7
Spellcasting   | 3 4 5 6 7 8 9 10 | 10.5
Ice Magic      | 1 2 3 4 5 6 7 8 |  8.1
Stealth        | 5 6 7 8 9 10 12 13 | 13.6
Short Blades   | 2 3 5 6 7 9 10 | 10.0
Dodging        | 4 5 6 7 8 9 10 11 12 | 12.3
Fighting       | 1 2 3 4 5 |  5.1
Evocations     | 2 5 6 8 |  8.0
Summonings     | 2 4 6 |  6.0
Air Magic      | 1 3 5 6 |  6.8
Poison Magic   | 1 3 |  3.3
Conjurations   | 1 2 |  2.7
Shields        | 2 |  2.9

Action                   |  1- 3 |  4- 6 |  7- 9 | 10-12 | 13-15 || total
-------------------------+-------+-------+-------+-------+-------++-------
Melee: Dagger            |   168 |    96 |   387 |   413 |   788 ||  1852
Throw: Stone             |     6 |     1 |       |       |       ||     7
       Tomahawk          |       |       |       |    14 |       ||    14
 Cast: Corona            |    30 |     6 |       |       |       ||    36
       Ensorcelled Hiber |     8 |    37 |    80 |   175 |   235 ||   535
       Confuse           |       |     4 |    32 |    46 |   101 ||   183
       Tukima's Dance    |       |     2 |    12 |    28 |     1 ||    43
       Summon Ice Beast  |       |       |       |    10 |     3 ||    13
       Summon Lightning  |       |       |       |    18 |     6 ||    24
       Airstrike         |       |       |       |       |    29 ||    29
Evoke: Wand              |       |       |       |     5 |    14 ||    19
       Phial of floods   |       |       |       |     1 |       ||     1
  Use: Scroll            |     3 |     8 |     8 |    15 |     8 ||    42
       Potion            |       |       |       |     1 |     2 ||     3
 Stab: Sleeping          |    11 |    33 |    64 |   126 |   150 ||   384
       Distracted        |     1 |     1 |     2 |     7 |     5 ||    16
       Confused          |       |       |    22 |    27 |    57 ||   106
  Eat: Ration            |       |     2 |     5 |     7 |     7 ||    21
Armor: Robe              |    12 |     8 |    34 |    39 |    39 ||   132
Dodge: Dodged            |   149 |    59 |   264 |   362 |   428 ||  1262
Block: Buckler           |       |       |       |       |    93 ||    93
